 Dungeon Crawl Stone Soup version 0.28-b1-25-g9875b3fc8c (webtiles) character file.

Game seed: 10911239210133850567

65 emikaela the Skirmisher (level 4, -6/38 HPs)
             Began as a Barachi Abyssal Knight on Feb 5, 2022.
             Was a Follower of Lugonu.
             Mangled by Terence (7 damage)
             ... on level 2 of the Dungeon.
             The game lasted 00:06:30 (2148 turns).

emikaela the Skirmisher (Barachi Abyssal Knight)    Turns: 2148, Time: 00:06:30

Health: -6/38      AC:  5    Str: 17    XL:     4   Next: 14%
Magic:  5/5        EV: 11    Int: 10    God:    Lugonu [*.....]
Gold:   121        SH:  0    Dex: 12    Spells: 3/3 levels left

rFire   . . .      SeeInvis .   a - +1 falchion
rCold   . . .      Faith    .   (no shield)
rNeg    . . .      Spirit   .   b - +0 leather armour
rPois   .          Reflect  .   f - +0 helmet
rElec   .          Harm     .   (no cloak)
rCorr   .          Rampage  .   (no gloves)
Will    .....                   d - +0 pair of boots
Stlth   +.........              (no amulet)
HPRegen 0.12/turn               (no ring)
MPRegen 0.09/turn               (no ring)

@: unable to hop, invisible, slow
A: amphibious, slowness 1, strong legs 1, +LOS
a: Hop, Renounce Religion, Depart the Abyss


You were on level 2 of the Dungeon.
You worshipped Lugonu.
Lugonu was aware of your devotion.
You visited 1 branch of the dungeon, and saw 3 of its levels.
You visited the Abyss 1 time.

You collected 121 gold pieces.

Inventory:

Hand Weapons
 a - a +1 falchion (weapon)
Missiles
 i - 3 poisoned darts
 k - 5 arrows
 l - 6 curare-tipped darts {!f}
 s - 32 stones (quivered)
 S - 43 sling bullets
Armour
 b - a +0 leather armour (worn)
 d - a +0 pair of boots (worn)
 f - a +0 helmet (worn)
Scrolls
 c - a scroll of fog {unknown}
 j - a scroll of enchant armour {unknown}
Potions
 g - a potion of curing {unknown}
 h - a potion of haste {unknown}


   Skills:
 + Level 4.8 Fighting
 + Level 3.9 Long Blades
 - Level 2.5 Armour
 - Level 1.2 Dodging
 - Level 1.6 Invocations


You had 3 spell levels left.
You didn't know any spells.
Your spell library contained the following spells:

 Spells                   Type           Power      Damage    Failure   Level
 Tukima's Dance           Hex            0%         N/A       80%         3
 Anguish                  Hex/Necr       0%         N/A       99%         4
 Enfeeble                 Hex            0%         N/A       100%        7


Dungeon Overview and Level Annotations

Branches:
Dungeon (3/15)

Altars:

Shops:
D:2 =

Annotations:
D:2 Terence


Innate Abilities, Weirdness & Mutations

You are amphibious.
You cover ground slowly.
You can hop short distances.
You have an extended range of vision and can be seen from far away.


Message History

You closely miss the orc.
The orc is heavily wounded.
The orc hits you with a +0 whip.
Terence the Incautious comes into view.
He is wielding a +0 falchion.
Terence shouts!
You slash the orc!
You kill the orc!
Lugonu accepts your kill.
Things that are here:
a +0 whip; an orc corpse
Press: ? - help, v - describe, . - travel
Here: Terence, wielding a +0 falchion and wearing a +0 scale mail The floor.
You closely miss Terence. Terence hits you but does no damage.
You hit Terence but do no damage. Terence hits you with a +0 falchion!
You completely miss Terence. Terence hits you with a +0 falchion.
You are too injured to fight recklessly!
You are too injured to fight recklessly!
Okay, then.
There is a stone staircase leading up here.
Terence hits you with a +0 falchion.
You climb upwards.
There is a stone staircase leading down here.
Hop to where?
Press: ? - help, Dir - move target Boing!
It was a potion of invisibility.
You fade into invisibility!
You hit Terence but do no damage. Terence hits you with a +0 falchion.
You closely miss Terence. You punch Terence, but do no damage.
Terence hits you with a +0 falchion.
* * * LOW HITPOINT WARNING * * *
Terence barely misses you.
You strike the helpless Terence from behind!
You hit Terence but do no damage. Terence hits you with a +0 falchion!
* * * LOW HITPOINT WARNING * * *
You hit Terence.
Terence is lightly wounded.
Terence hits you with a +0 falchion!
You die...

##### ################### ....#
#######.@................
....#####.......@................
.................................
.............>.#####.............
...............# #..........###
##.............# #..........# #
#.............# #..........###
##.............#####............#
..........#######...............#


You could see Terence.

Vanquished Creatures
  3 adders (D:2)
  2 worms (D:2)
  An orc (D:3)
  2 ball pythons
  5 bats
  3 endoplasms (D:1)
  A giant cockroach (D:1)
  A goblin (D:1)
  5 hobgoblins
  2 quokkas
  2 frilled lizards (D:1)
  A kobold (D:1)
  3 rats
31 creatures vanquished.

Notes
Turn   | Place    | Note
-------+----------+-------------------------------------------
     0 | Abyss:1  | emikaela the Barachi Abyssal Knight began the quest for the
                  | Orb.
     0 | Abyss:1  | Reached XP level 1. HP: 18/18 MP: 2/2
    32 | Abyss:1  | Noticed a neqoxec
    33 | D:1      | Escaped the Abyss
   209 | D:1      | Reached XP level 2. HP: 20/25 MP: 3/3
   309 | D:1      | Reached * piety under Lugonu
   365 | D:1      | Reached skill level 4 in Fighting
   483 | D:1      | Found a faded altar of an unknown god.
   881 | D:1      | Reached XP level 3. HP: 26/30 MP: 4/4
  1095 | D:2      | Found Hoibly's Jewellery Emporium.
  1816 | D:2      | Reached XP level 4. HP: 33/38 MP: 5/5
  2126 | D:3      | Noticed Terence
  2147 | D:2      | HP: 1/38 [Terence (7)]
  2148 | D:2      | Mangled by Terence

Illustrated notes

Levels and vault maps discovered:
D:1:      minmay_arrival_shoal_huts, layout_basic,
          hellmonk_ecumenical_altar_run_dry
D:2:      layout_basic, serial_shops, nicolae_shop_statue_plus
D:3:      layout_basic, uniq_terence

Skill      XL: |  1  2 |
---------------+-------+-----
Fighting       | 4 |  4.8
Long Blades    | 3 |  3.9
Armour         | |  2.5
Dodging        | |  1.2
Invocations    | |  1.6

Action                   |  1- 3 |  4- 6 || total
-------------------------+-------+-------++-------
Melee: Falchion          |   112 |    14 ||   126
       Punch             |     2 |     1 ||     3
Throw: Dart              |    10 |       ||    10
       Stone             |     7 |     4 ||    11
Invok: Depart the Abyss  |     1 |       ||     1
 Abil: Hop               |       |     1 ||     1
  Use: Potion            |       |     1 ||     1
 Stab: Invisible         |       |     1 ||     1
Armor: Leather armour    |    34 |     2 ||    36
Dodge: Dodged            |    61 |     3 ||    64
